 Dungeon Crawl Stone Soup version 0.18-a0-425-ge088ad1 (webtiles) character file.

210 Raultor the Insei (level 5, 28/46 HPs)
             Began as a Draconian Monk on Nov 30, 2015.
             Was a Follower of Elyvilon.
             Quit the game on level 4 of the Dungeon.
             The game lasted 00:10:37 (2508 turns).

Raultor the Insei (Draconian Monk)                  Turns: 2508, Time: 00:10:37

Health: 28/46      AC:  5    Str: 13    XL:     5   Next: 57%
Magic:  3/5        EV: 14    Int: 10    God:    Elyvilon [*.....]
Gold:   176        SH:  0    Dex: 15    Spells: 0 memorised, 4 levels left

rFire  . . .     SeeInvis .       - Unarmed
rCold  . . .     Clarity  .     (armour unavailable)
rNeg   . . .     SustAt   .     (no shield)
rPois  .         Gourm    .     (helmet restricted)
rElec  .         Spirit   .     (no cloak)
rCorr  .         Dsmss    +     (no gloves)
rMut   .         Stasis   .     (no boots)
MR     .....                    c - amulet of dismissal
Stlth  ++........               (no ring)
                                (no ring)

@: not resistant to hostile enchantments, unstealthy
A: unfitting armour, cold-blooded, AC +5
a: Lesser Healing, Divine Protection, Renounce Religion


You were on level 4 of the Dungeon.
You worshipped Elyvilon.
Elyvilon was aware of your devotion.
You were hungry.

You visited 1 branch of the dungeon, and saw 4 of its levels.

You collected 176 gold pieces.

Inventory:

Jewellery
 c - an amulet of dismissal (around neck)
Wands
 n - a wand of enslavement (11)
Scrolls
 b - a scroll of enchant weapon {unknown}
 d - 3 scrolls of amnesia {unknown}
 g - a scroll of blinking {unknown}
 i - 7 scrolls of identify {unknown}
 o - a scroll of remove curse {unknown}
 r - 3 scrolls of immolation {unknown}
Potions
 e - a potion of haste
 h - 2 potions of brilliance {unknown}
 k - a potion of poison {unknown}
 m - 5 potions of curing {unknown}
 q - a potion of lignification {unknown}
Comestibles
 a - 3 bread rations
 f - 3 fruits
 l - 2 meat rations
 p - a beef jerky


   Skills:
 + Level 4.2 Fighting
 + Level 4.3 Dodging
 - Level 1.7 Stealth
 * Level 5.2 Unarmed Combat


You had 4 spell levels left.
You didn't know any spells.

Dungeon Overview and Level Annotations

Branches:
Dungeon (4/15)
 Temple: D:4-7

Altars:
Elyvilon
Gozag

Annotations:
D:2 Ijyb


Innate Abilities, Weirdness & Mutations

Your plain brown scales are hard (AC +5).
Your body does not fit into most forms of armour.
You are cold-blooded and may be slowed by cold attacks.


Message History

There is a stone staircase leading down here.
You fail to use your ability.
The hound stops to sniff the ground.
You fail to use your ability.
The hound closely misses you.
Press: ? - help, Dir - move target cursor, f - hound Heal: a hound The light of Elyvilon fails to reach the hound.
You are feeling hungry.
You can no longer heal and attempt to pacify others.
The hound barely misses you. The hound bites you. The hound bites you.
The worker ant bites you but does no damage.
You punch the worker ant!
The worker ant is heavily wounded.
The hound closely misses you. The hound bites you. The worker ant bites you.
You hit the worker ant but do no damage.
The worker ant is heavily wounded.
The hound bites you but does no damage.
The worker ant bites you but does no damage.
Are you sure you want to abandon this character and quit the game? (Confirm with "yes".)

#.# #.##
#.....#.##..###..####
#.....#.# #.....†...#
#....... #........#
#......## #........#
#...<.....##...<....#
....# #....##..####
#ha###.##.....####
##>@##...[.....##.##
#...##.###.###.#...#
#..#.>#.# #.# #.#...#
#...###...###'###.#...#
##.# #.....'_'...#...#
## #.#.#######.....#
#...# ### #.....#
##..#######.....#
#..........#...#


You could see a hound and a worker ant.

Vanquished Creatures
  A hound (D:4)
  Jessica (D:2)
  6 adders
  A gnoll (D:1)
  2 oozes
  A worm (D:2)
  3 giant geckos
  5 bats
  3 giant cockroaches
  9 goblins
  15 hobgoblins
  A quokka (D:2)
  A ball python (D:1)
  6 jackals (D:1)
  13 kobolds
  6 rats
74 creatures vanquished.

Notes
Turn   | Place    | Note
--------------------------------------------------------------
     0 | D:1      | Raultor the Draconian Monk began the quest for the Orb.
     0 | D:1      | Reached XP level 1. HP: 19/19 MP: 1/1
   211 | D:1      | Reached XP level 2. HP: 26/26 MP: 2/2
   341 | D:1      | Reached XP level 3. HP: 8/31 MP: 3/3
  1137 | D:2      | Reached XP level 4. HP: 16/40 MP: 4/4
  1420 | D:2      | Found an opulent altar of Gozag.
  1477 | D:2      | Noticed Jessica
  1498 | D:2      | Killed Jessica
  1558 | D:2      | Noticed Ijyb
  1561 | D:2      | Found a faded altar to an unknown god.
  2063 | D:3      | Reached XP level 5. HP: 39/46 MP: 5/5
  2101 | D:3      | Reached skill level 5 in Unarmed Combat
  2460 | D:4      | Found a white marble altar of Elyvilon.
  2463 | D:4      | Became a worshipper of Elyvilon the Healer
  2463 | D:4      | Reached * piety under Elyvilon
  2463 | D:4      | Reached ** piety under Elyvilon
  2508 | D:4      | Quit the game

Vault maps used:
D:1:      minmay_arrival_hallway, minmay_circled_x
D:2:      grunt_gozag_statues, ecumenical_altar_2, uniq_jessica, uniq_iyjb
D:4:      nicolae_overflow_quartered_altars, lemuel_doored_altar, serial_shops,
          shop, first_bread

Action                   |  1- 3 |  4- 6 || total
-------------------------+-------+-------++-------
Melee: Unarmed           |   143 |   141 ||   284
Invok: Heal Other        |       |     1 ||     1
 Stab: Sleeping          |     2 |     2 ||     4
       Distracted        |     1 |       ||     1
  Eat: Chunk             |     1 |     4 ||     5
